[Event "Titled Tuesday Blitz August 15 Late 2023"]
[White "Hajiyev, Kanan"]
[Black "Kielinkei"]
[WhiteFideId "13404148"]
[WhiteElo "2525"]
[BlackElo "2394"]
[Result "0-1"]
[Round "10"]
[TimeControl "180+1"]
[Date "2023.08.15"]
[WhiteClock "0:00:28"]
[BlackClock "0:00:11"]
[Board "82"]

1. d4 Nf6 2. c4 e6 3. Nf3 c5 4. Nc3 cxd4 5. Nxd4 Bb4 6. Bd2 O-O 7. e3 d5 8. cxd5 Nxd5 9. Nxd5 Bxd2+ 10. Qxd2 Qxd5 11. Be2 e5 12. Bf3 e4 13. Be2 Nc6 14. Nxc6 Qxc6 15. O-O Qg6 16. Rfd1 Bh3 17. Bf1 Bg4 18. Be2 Bf3 19. Bxf3 exf3 20. g3 h5 21. Qd6 Qg4 22. Qf4 Rac8 23. Rd2 Rfd8 24. Rxd8+ Rxd8 25. h3 Qxf4 26. exf4 Rd2 27. b4 f5 28. b5 Kf7 29. a4 Ke6 30. Re1+ Re2 31. Rc1 Kd6 32. Rc3 Re1+ 33. Kh2 Ra1 34. Rxf3 Rxa4 35. Re3 Re4 36. Ra3 Kc5 37. Rxa7 Kb6 38. Ra8 Kxb5 39. Rf8 g6 40. Rf6 Kc5 41. Rxg6 b5 42. Rg5 b4 43. Rxf5+ Kc4 44. Rxh5 b3 45. Rh8 Kc3 46. Rc8+ Rc4 47. Rb8 Rb4 48. Rc8+ Kd2 49. Rd8+ Ke2 50. Kg2 b2 51. Re8+ Kd2 52. Rd8+ Kc2 53. Rc8+ Kb3 54. Re8 b1=Q 55. Re3+ Ka4 56. h4 Re4 57. Rf3 Kb5 58. f5 Re1 59. f6 Qe4 60. f7 Rg1+ 61. Kxg1 Qxf3 62. Kf1 Qxf7 63. Kg2 Kc5 64. g4 Kd5 65. Kg3 Ke5 66. h5 Qf4+ 67. Kh4 Kf6 68. f3 Qh2# 0-1


[Site "https://www.chess.com"]

[Event "Titled Tuesday Blitz August 15 Late 2023"]
[White "Reprintsev, Alexander"]
[Black "Kujawski, Adam"]
[WhiteFideId "14100541"]
[BlackFideId "1100920"]
[WhiteElo "2487"]
[BlackElo "2332"]
[Result "1/2-1/2"]
[Round "10"]
[TimeControl "180+1"]
[Date "2023.08.15"]
[WhiteClock "0:00:36"]
[BlackClock "0:00:12"]
[Board "83"]

1. e4 e5 2. Nf3 Nc6 3. Bc4 Nf6 4. Ng5 d5 5. exd5 Na5 6. Bb5+ c6 7. dxc6 bxc6 8. Bd3 Ng4 9. Nh3 Bd6 10. Nc3 O-O 11. O-O e4 12. Bxe4 Bxh2+ 13. Kh1 Bc7 14. d3 f5 15. Bf3 Qh4 16. Bg5 Qh5 17. Qd2 h6 18. Bf4 Qf7 19. b4 Nb7 20. Bxc6 Rb8 21. Bd5 Be6 22. Bxe6 Qxe6 23. Bxc7 Rbc8 24. Bg3 g5 25. Rae1 Qf6 26. Nd5 Qf7 27. c4 f4 28. Ndxf4 gxf4 29. Qxf4 Qxf4 30. Bxf4 h5 31. f3 Nf6 32. Re7 Rf7 33. Rxf7 Kxf7 34. Ng5+ Kg6 35. Ne4 Rd8 36. Bg5 Nxe4 37. Bxd8 Ng3+ 38. Kg1 Nxf1 39. Kxf1 Nxd8 40. Ke2 Kf5 41. Ke3 h4 42. d4 Ne6 43. a3 Nf4 44. Kf2 Ke6 45. g3 hxg3+ 46. Kxg3 Ne2+ 47. Kg4 Nxd4 48. f4 Nc2 49. f5+ Kf6 50. c5 Nxa3 51. c6 Nb5 52. Kf4 Nc7 53. Ke4 Nb5 54. Kf4 Nc7 55. Ke4 Nb5 56. Kf4 1/2-1/2


[Site "https://www.chess.com"]

[Event "Titled Tuesday Blitz August 15 Late 2023"]
[White "Barwinska, Ewa"]
[Black "Pesotskiy, Mikhail"]
[WhiteFideId "21833761"]
[BlackFideId "34164453"]
[WhiteElo "2297"]
[BlackElo "2426"]
[Result "0-1"]
[Round "10"]
[TimeControl "180+1"]
[Date "2023.08.15"]
[WhiteClock "0:00:00"]
[BlackClock "0:00:12"]
[Board "84"]

1. e4 e6 2. d4 d5 3. exd5 exd5 4. Bd3 Nf6 5. Ne2 Be7 6. O-O O-O 7. c3 Bg4 8. Qc2 c6 9. Bg5 Nbd7 10. f3 Bh5 11. Ng3 Bg6 12. Nf5 Bxf5 13. Bxf5 Re8 14. Nd2 g6 15. Bd3 Nh5 16. Bxe7 Qxe7 17. f4 f5 18. Rae1 Qxe1 19. Rxe1 Rxe1+ 20. Kf2 Re7 21. g3 Nhf6 22. Nf3 Ng4+ 23. Kg1 Ndf6 24. Ne5 Nxe5 25. dxe5 Ne4 26. Bxe4 dxe4 27. Qd2 Kf8 28. Qd6 Ke8 29. Qf6 Rd8 30. e6 Rd1+ 31. Kg2 Kd8 32. Qf8+ Re8 33. Qf6+ Kc8 34. Qf7 Rd2+ 35. Kh3 Rdd8 36. e7 e3 37. exd8=Q+ Kxd8 38. Qf6+ Kc8 39. Qf7 Re4 40. Qf8+ Kc7 41. Qg7+ Kb6 42. Qd7 e2 43. Qd8+ Ka6 44. Qd3+ Kb6 45. Qd8+ Ka6 46. Qd3+ b5 47. Qd7 Kb6 48. Qd8+ Kc5 49. Qf8+ Kc4 50. Qf7+ Kd3 51. Qd7+ Kc2 52. Qxa7 e1=Q 0-1


[Site "https://www.chess.com"]

[Event "Titled Tuesday Blitz August 15 Late 2023"]
[White "Harish, Neeraj"]
[Black "MrAnnihilation"]
[WhiteFideId "30958130"]
[WhiteElo "2328"]
[BlackElo "2419"]
[Result "1/2-1/2"]
[Round "10"]
[TimeControl "180+1"]
[Date "2023.08.15"]
[WhiteClock "0:01:53"]
[BlackClock "0:00:22"]
[Board "85"]

1. e4 d6 2. d4 Nf6 3. Nc3 e5 4. Nf3 Nbd7 5. Rg1 c6 6. g4 h6 7. Be3 b5 8. a3 Bb7 9. h4 g6 10. Qd2 a5 11. g5 hxg5 12. hxg5 b4 13. gxf6 bxc3 14. Qxc3 Qxf6 15. Bg5 Qg7 16. O-O-O Be7 17. Bxe7 Kxe7 18. dxe5 Nxe5 19. Nxe5 Qxe5 20. Qb3 Rhb8 21. Rg3 Ba6 22. Qc3 Bxf1 23. Rxf1 Rb6 24. Qxe5+ dxe5 25. Rh1 Rab8 26. b3 c5 27. Rc3 a4 28. Kb2 Rb5 29. Ka2 axb3+ 30. cxb3 Rd8 31. Rhc1 Rd2+ 32. R1c2 Rxc2+ 33. Rxc2 Kd6 34. Rc4 Rb8 35. Kb2 Rh8 36. b4 cxb4 37. axb4 Rh2 38. Rc2 Rh4 39. f3 f5 40. exf5 gxf5 41. Kb3 Rh3 42. Rc3 e4 43. fxe4 Rxc3+ 44. Kxc3 fxe4 45. Kd4 Kc6 46. Kxe4 Kb5 47. Kd4 Kxb4 1/2-1/2


[Site "https://www.chess.com"]

[Event "Titled Tuesday Blitz August 15 Late 2023"]
[White "Vila Dupla, Aurelio"]
[Black "Fernandez Garcia, Gumersindo"]
[WhiteFideId "2203383"]
[BlackFideId "24516740"]
[WhiteElo "2154"]
[BlackElo "2397"]
[Result "1/2-1/2"]
[Round "10"]
[TimeControl "180+1"]
[Date "2023.08.15"]
[WhiteClock "0:00:13"]
[BlackClock "0:00:27"]
[Board "86"]

1. Nf3 Nf6 2. d4 g6 3. g3 Bg7 4. Bg2 O-O 5. O-O d6 6. c4 Nbd7 7. Nc3 e5 8. h3 Re8 9. Re1 exd4 10. Nxd4 a6 11. e4 Rb8 12. Bf4 Ne5 13. b3 c5 14. Nf3 Nxf3+ 15. Qxf3 b5 16. Rad1 Rb6 17. Bg5 h6 18. Bxf6 Bxf6 19. Nd5 Bd4 20. cxb5 Rxb5 21. Rxd4 cxd4 22. Nf6+ Kg7 23. Nxe8+ Qxe8 24. Qd3 Qe5 25. Rd1 Rb4 26. a3 Rb5 27. b4 a5 28. Qxd4 axb4 29. axb4 Be6 30. f4 Qxd4+ 31. Rxd4 Rb6 32. Kf2 Kf6 33. Ke3 Ke7 34. h4 Ra6 35. b5 Ra2 36. Rd2 Ra3+ 37. Kd4 Rb3 38. Bf1 Bd7 39. Ra2 Bxb5 40. Ra7+ Kf6 41. Rb7 Ba4 42. Rxb3 Bxb3 43. Bh3 Be6 44. Bg2 Ke7 45. Bf1 Kd7 46. Bb5+ Kc7 47. e5 dxe5+ 48. Kxe5 h5 49. Kf6 Kd8 50. Bc6 Bc4 51. Ba4 Bd5 52. Bc2 Ke8 53. f5 gxf5 54. Bxf5 Kf8 55. Bd3 Bf3 56. Bc4 Kg8 57. Bxf7+ Kh7 58. Bg6+ Kh6 59. Bf5 Be2 60. Be6 Bd1 61. Bd5 Be2 62. Be4 Bd1 63. Ke5 Be2 64. Kf4 Bd1 65. Bf3 Bc2 66. Ke5 Bb3 67. Kf6 Bc2 68. Bd5 Bd3 69. Bf3 Bc2 70. Ke5 Bd3 71. Kf4 Bc4 72. Ke5 Bf7 73. Kf6 Be8 74. Ke7 Bg6 75. Kf6 Bd3 76. Ke7 Bf1 77. Kf6 Bh3 78. Ke7 Kg6 79. Bxh5+ Kxh5 80. Kf6 Bg4 81. Ke5 Bd1 82. g4+ Bxg4 83. Kd4 Be2 84. Ke5 Ba6 85. Kd4 Bb7 86. Kc5 Bc8 87. Kc6 Be6 88. Kd6 Bg4 89. Kc5 Bh3 90. Kd4 Bg2 91. Kc5 Bf3 92. Kd6 Kxh4 1/2-1/2


[Site "https://www.chess.com"]

[Event "Titled Tuesday Blitz August 15 Late 2023"]
[White "ExchangeAB"]
[Black "Fernandez Bustamante, Leancy B."]
[BlackFideId "3523870"]
[WhiteElo "2410"]
[BlackElo "2250"]
[Result "0-1"]
[Round "10"]
[TimeControl "180+1"]
[Date "2023.08.15"]
[WhiteClock "0:00:00"]
[BlackClock "0:00:08"]
[Board "87"]

1. d4 c5 2. e3 cxd4 3. exd4 d6 4. Nf3 Nf6 5. Be2 g6 6. O-O Bg7 7. c3 O-O 8. Re1 a6 9. Nbd2 b5 10. a3 Bb7 11. Nf1 Nbd7 12. Ng3 h5 13. Bg5 Re8 14. Qd2 Nb6 15. Bh6 Nc4 16. Bxc4 bxc4 17. Bxg7 Kxg7 18. Ng5 h4 19. N3e4 Nxe4 20. Nxe4 Qa5 21. Rad1 Qf5 22. Ng5 Rab8 23. d5 Rbc8 24. Qd4+ Qf6 25. Nf3 h3 26. Qxf6+ exf6 27. gxh3 Rxe1+ 28. Nxe1 Rc5 29. Nc2 Bxd5 30. Ne3 Be6 31. Rxd6 Rb5 32. Rd2 Bxh3 33. f4 Be6 34. Kf2 Rh5 35. Kg3 Rh3+ 36. Kf2 Rxh2+ 37. Ke1 Rxd2 38. Kxd2 Kf8 39. Nc2 g5 40. Ke3 g4 41. Nb4 a5 42. Nc6 a4 43. Nd4 Bd5 44. f5 g3 45. Ne2 g2 46. Kf2 Ke7 47. Nf4 Kd6 48. Ne2 Ke5 49. Nd4 Ke4 50. Kg1 Kd3 51. Nb5 Kc2 52. Nc7 Be4 0-1


[Site "https://www.chess.com"]

[Event "Titled Tuesday Blitz August 15 Late 2023"]
[White "The_Straightforward_Rook"]
[Black "Garmendiarov"]
[WhiteElo "2402"]
[BlackElo "2291"]
[Result "1-0"]
[Round "10"]
[TimeControl "180+1"]
[Date "2023.08.15"]
[WhiteClock "0:00:18"]
[BlackClock "0:00:07"]
[Board "88"]

1. d4 Nf6 2. c4 g6 3. h4 d5 4. cxd5 Nxd5 5. e4 Nb6 6. h5 Bg7 7. Nf3 c5 8. d5 Bg4 9. h6 Bf6 10. Nc3 O-O 11. Be3 N8d7 12. Be2 Rc8 13. a4 Ne5 14. Nxe5 Bxe2 15. Qxe2 Bxe5 16. f4 Bd4 17. O-O Nc4 18. Bxd4 cxd4 19. Nb5 Qb6 20. Rf2 Ne3 21. Qd3 Ng4 22. Rd2 Rc3 23. Qxd4 Qxd4+ 24. Nxd4 Re3 25. e5 Rc8 26. d6 exd6 27. exd6 Rd8 28. Nb5 Re6 29. d7 a6 30. Rc1 f5 31. Nd4 Re7 32. Nf3 Rexd7 33. Rxd7 Rxd7 34. Ng5 Kf8 35. Kf1 Ke8 36. Re1+ Kd8 37. Ne6+ Kc8 38. Rc1+ Kb8 39. Nf8 Rd2 40. Nxh7 Rf2+ 41. Kg1 Rxb2 42. Nf8 Ne3 43. h7 Rxg2+ 44. Kh1 Rg3 45. h8=Q Ng4 46. Nd7+ Ka7 47. Qb8# 1-0


[Site "https://www.chess.com"]

[Event "Titled Tuesday Blitz August 15 Late 2023"]
[White "Melikhov, Evgeny V."]
[Black "rikchessmx"]
[WhiteFideId "4122046"]
[WhiteElo "2393"]
[BlackElo "2288"]
[Result "1-0"]
[Round "10"]
[TimeControl "180+1"]
[Date "2023.08.15"]
[WhiteClock "0:01:01"]
[BlackClock "0:00:53"]
[Board "89"]

1. d4 Nf6 2. c4 e6 3. Nc3 d5 4. cxd5 exd5 5. Bg5 Nbd7 6. e3 Be7 7. Bd3 O-O 8. Qc2 Re8 9. Nf3 c6 10. O-O g6 11. h3 Ne4 12. Bxe4 Bxg5 13. Bd3 Bf6 14. b4 a6 15. a4 b5 16. axb5 cxb5 17. Nxb5 Qb6 18. Nc7 Bb7 19. Nxa8 Rxa8 20. Rfc1 Kg7 21. Qc7 Bc8 22. Qxb6 Nxb6 23. b5 a5 24. Rc6 Bd8 25. Ne5 f6 26. Nf3 Bd7 27. Rc5 Be7 28. Rc7 Bd6 29. Rb7 Kh6 30. Rxb6 Bb4 31. Rb7 Bc8 32. Rc7 a4 33. b6 a3 34. b7 Bxb7 35. Rxb7 Bd6 36. Ra2 Rc8 37. Rb3 Rc1+ 38. Bf1 g5 39. Nd2 Kg6 40. Rb1 Rc3 41. Nb3 h5 42. Nc5 g4 43. hxg4 hxg4 44. Rb3 Rc1 45. Rbxa3 g3 46. fxg3 Bxg3 47. e4 Bd6 48. exd5 Rd1 49. Rd3 Rc1 50. Ra6 Bf4 51. d6 1-0


[Site "https://www.chess.com"]

[Event "Titled Tuesday Blitz August 15 Late 2023"]
[White "Saucey, Michel"]
[Black "Labussiere, Yago"]
[WhiteFideId "601845"]
[BlackFideId "2186969"]
[WhiteElo "2268"]
[BlackElo "2360"]
[Result "0-1"]
[Round "10"]
[TimeControl "180+1"]
[Date "2023.08.15"]
[WhiteClock "0:00:02"]
[BlackClock "0:00:45"]
[Board "90"]

1. d4 Nf6 2. Nf3 d5 3. c4 dxc4 4. e3 e6 5. Bxc4 c5 6. O-O a6 7. dxc5 Bxc5 8. Qe2 O-O 9. e4 b5 10. Bd3 g6 11. Nbd2 Bb7 12. Nb3 Be7 13. Bh6 Re8 14. Rfd1 Qb6 15. Be3 Qc7 16. Rac1 Nc6 17. Nc5 Rac8 18. Nxb7 Qxb7 19. a4 Nb4 20. axb5 Nxd3 21. Qxd3 Qxb5 22. Qxb5 axb5 23. e5 Nd5 24. Bg5 Kf8 25. Bxe7+ Kxe7 26. Ng5 h6 27. Ne4 Rxc1 28. Rxc1 Ra8 29. g3 g5 30. Nd6 b4 31. Rc5 Ra2 32. Rb5 Rxb2 33. Rb7+ Kd8 34. Nxf7+ Kc8 35. Nd6+ Kd8 36. Nf7+ Ke8 37. Nxh6 b3 38. Nf7 Rb1+ 39. Kg2 b2 40. Nxg5 Nc3 41. Nxe6 Na4 42. f4 Rc1 43. Nc7+ Kd8 44. Ne6+ Ke8 45. Nc5 Rxc5 46. e6 Rc1 47. f5 b1=Q 0-1


[Site "https://www.chess.com"]

[Event "Titled Tuesday Blitz August 15 Late 2023"]
[White "Ai, Evan"]
[Black "Vifleemskaia, Svetlana"]
[WhiteFideId "2094770"]
[BlackFideId "4129490"]
[WhiteElo "2266"]
[BlackElo "2355"]
[Result "1-0"]
[Round "10"]
[TimeControl "180+1"]
[Date "2023.08.15"]
[WhiteClock "0:00:14"]
[BlackClock "0:00:00"]
[Board "91"]

1. d4 Nf6 2. Nf3 d5 3. c4 dxc4 4. e3 a6 5. Bxc4 b5 6. Bd3 Bb7 7. O-O e6 8. a4 b4 9. Nbd2 Nbd7 10. e4 c5 11. Qe2 cxd4 12. e5 Nd5 13. Nb3 Nc5 14. Nbxd4 Nxd3 15. Qxd3 a5 16. Rd1 Be7 17. Bd2 O-O 18. Rac1 Qd7 19. Bg5 Qxa4 20. Bxe7 Nxe7 21. Rc7 Ba6 22. Qd2 Nd5 23. b3 Qe8 24. Ng5 Nxc7 25. Qc2 g6 26. Qxc7 Qd8 27. Qxd8 Rfxd8 28. Ne4 Rd5 29. Nf6+ Kf8 30. Nxd5 exd5 31. Ra1 Bb7 32. f4 Ke7 33. Kf2 h5 34. Ke3 Kd7 35. h3 Kc7 36. g4 hxg4 37. hxg4 Kb6 38. f5 gxf5 39. gxf5 Rc8 40. e6 fxe6 41. fxe6 Rc3+ 42. Kf4 Kc5 43. Nf5 Rxb3 44. Rxa5+ Kb6 45. e7 Bc6 46. Ra8 Rd3 47. Rb8+ Kc5 48. Rc8 b3 49. Rxc6+ Kxc6 50. e8=Q+ Kc5 51. Qc8+ Kb4 52. Qb7+ Kc3 53. Qc6+ Kb2 54. Qb5 Kc2 55. Ne3+ Kd2 56. Nxd5 1-0


[Site "https://www.chess.com"]

[Event "Titled Tuesday Blitz August 15 Late 2023"]
[White "rionelG"]
[Black "LuxLinster"]
[WhiteElo "2351"]
[BlackElo "2254"]
[Result "0-1"]
[Round "10"]
[TimeControl "180+1"]
[Date "2023.08.15"]
[WhiteClock "0:00:00"]
[BlackClock "0:00:05"]
[Board "92"]

1. e4 e5 2. Nf3 Nc6 3. d4 exd4 4. Nxd4 Nf6 5. Nxc6 bxc6 6. e5 Qe7 7. Qe2 Nd5 8. c4 Nb6 9. Bd2 Qe6 10. Nc3 g6 11. Qe4 Bg7 12. f4 O-O 13. Bd3 d5 14. exd6 cxd6 15. O-O-O d5 16. cxd5 cxd5 17. Qxe6 Bxe6 18. f5 gxf5 19. Kb1 Nc4 20. Bxc4 dxc4 21. Rhe1 Rfd8 22. Kc1 Rd3 23. Nb1 Rad8 24. Bc3 Bh6+ 25. Nd2 f4 26. Nf3 Bg4 27. Kc2 Bf5 28. Kc1 Bg4 29. Kc2 Bg7 30. Bxg7 Kxg7 31. h3 Bxf3 32. gxf3 Rxd1 33. Rxd1 Rxd1 34. Kxd1 Kf6 35. Kd2 Kg5 36. Kc3 Kh4 37. Kxc4 Kxh3 38. b4 Kg3 39. b5 h5 40. a4 h4 41. a5 h3 42. b6 axb6 43. axb6 h2 44. b7 h1=Q 45. b8=Q Qxf3 46. Qg8+ Kf2 47. Qxf7 Qe4+ 48. Kc3 f3 49. Qf6 Ke2 50. Qh6 f2 51. Qd2+ Kf3 52. Qd1+ Kg2 0-1


[Site "https://www.chess.com"]

[Event "Titled Tuesday Blitz August 15 Late 2023"]
[White "De Souza, Cristiano Gomes"]
[Black "Beulen, Marcel"]
[WhiteFideId "2151758"]
[BlackFideId "1001450"]
[WhiteElo "2258"]
[BlackElo "2331"]
[Result "0-1"]
[Round "10"]
[TimeControl "180+1"]
[Date "2023.08.15"]
[WhiteClock "0:00:00"]
[BlackClock "0:00:03"]
[Board "93"]

1. d4 d5 2. c4 c6 3. Nf3 Nf6 4. Nc3 dxc4 5. a4 Bf5 6. e3 e6 7. Bxc4 Bb4 8. O-O Nbd7 9. Qe2 Bg6 10. Bd3 O-O 11. Bd2 a5 12. Rfc1 Re8 13. Bxg6 hxg6 14. Ne1 e5 15. dxe5 Nxe5 16. h3 Qe7 17. Nd3 Nxd3 18. Qxd3 Rad8 19. Qe2 Qe6 20. Be1 Rd7 21. Rd1 Red8 22. Kf1 Qb3 23. Rxd7 Rxd7 24. Rd1 Rxd1 25. Qxd1 Qxb2 26. Ne2 Bxe1 27. Kxe1 Qb4+ 28. Kf1 Nd5 29. Kg1 Qc4 30. Ng3 b5 31. axb5 cxb5 32. e4 Nf6 33. Qd8+ Kh7 34. Qxa5 b4 35. e5 Nd5 36. f3 Qd4+ 37. Kf1 Qxe5 38. Ne4 f6 39. Qa7 b3 40. Qb7 b2 41. Kg1 Qd4+ 42. Kh2 g5 43. Qb5 Kg6 44. Ng3 Qe5 45. Qb3 Nf4 46. Qc2+ Kf7 0-1


[Site "https://www.chess.com"]

[Event "Titled Tuesday Blitz August 15 Late 2023"]
[White "Vaglio Munoz, Jaime"]
[Black "Ouellet, Maili-Jade"]
[WhiteFideId "6500145"]
[BlackFideId "2620472"]
[WhiteElo "2243"]
[BlackElo "2328"]
[Result "1-0"]
[Round "10"]
[TimeControl "180+1"]
[Date "2023.08.15"]
[WhiteClock "0:01:17"]
[BlackClock "0:00:02"]
[Board "94"]

1. Nf3 c6 2. c4 d5 3. b3 Nf6 4. Bb2 g6 5. g3 Bg7 6. Bg2 O-O 7. O-O Re8 8. d3 Bg4 9. Nbd2 Nbd7 10. Re1 e5 11. cxd5 cxd5 12. Rc1 e4 13. dxe4 dxe4 14. Nd4 e3 15. fxe3 Rb8 16. h3 Be6 17. Nxe6 Rxe6 18. Nc4 b5 19. Nd6 Rxe3 20. Bd4 Rxg3 21. Bxa7 Ra8 22. Bf2 Rg5 23. Bh4 Qb6+ 24. e3 Rxg2+ 25. Kxg2 Rxa2+ 26. Bf2 h5 27. Rc8+ Kh7 28. Nxf7 g5 29. Qd3+ Ne4 30. Qxe4+ Qg6 31. Nxg5+ Kh6 32. Qxg6+ Kxg6 33. Ne6 Bc3 34. Rxc3 1-0


[Site "https://www.chess.com"]

[Event "Titled Tuesday Blitz August 15 Late 2023"]
[White "Gerbelli Neto, Eduardo"]
[Black "Curtis, John"]
[WhiteFideId "2103281"]
[BlackFideId "3200256"]
[WhiteElo "2328"]
[BlackElo "2078"]
[Result "0-1"]
[Round "10"]
[TimeControl "180+1"]
[Date "2023.08.15"]
[WhiteClock "0:00:19"]
[BlackClock "0:00:13"]
[Board "95"]

1. e4 c5 2. Nc3 e6 3. f4 b6 4. Nf3 Bb7 5. g3 Nf6 6. d3 d5 7. e5 d4 8. exf6 dxc3 9. bxc3 Qxf6 10. Bd2 Nc6 11. Bg2 g6 12. O-O Bg7 13. Ng5 O-O 14. Ne4 Qe7 15. Qe2 Rad8 16. Rae1 Rfe8 17. Qf2 h6 18. g4 f5 19. gxf5 exf5 20. Ng5 Qd7 21. Nf3 Bf6 22. Qg3 Kh7 23. Ne5 Nxe5 24. fxe5 Bg7 25. Bxb7 Qxb7 26. h4 h5 27. Bf4 Re6 28. Kh2 Qd5 29. Re2 Qxa2 30. c4 Qa4 31. Rg1 Rd4 32. Reg2 Qd7 33. Qf3 Rxf4 34. Qxf4 Bxe5 35. Qxe5 Rxe5 36. Rxg6 Re2+ 37. Kh1 Qb7+ 38. R6g2 Qf3 39. Kh2 f4 40. Rxe2 Qxe2+ 41. Rg2 f3 0-1


[Site "https://www.chess.com"]

[Event "Titled Tuesday Blitz August 15 Late 2023"]
[White "Okike, David"]
[Black "Navyblue1"]
[WhiteFideId "8500134"]
[WhiteElo "2317"]
[BlackElo "2029"]
[Result "1-0"]
[Round "10"]
[TimeControl "180+1"]
[Date "2023.08.15"]
[WhiteClock "0:01:04"]
[BlackClock "0:00:00"]
[Board "96"]

1. e4 c5 2. Nf3 d6 3. d4 cxd4 4. Nxd4 Nf6 5. Nc3 a6 6. Bg5 Nbd7 7. f3 Qc7 8. Qd2 e6 9. O-O-O Be7 10. h4 b5 11. a3 Bb7 12. Rh3 Rc8 13. Rg3 Qa5 14. Nb3 Qc7 15. Be3 Nh5 16. Rh3 Nc5 17. Kb1 Nf6 18. Nd4 Qa5 19. Nb3 Nxb3 20. cxb3 Qc7 21. b4 d5 22. e5 Qxe5 23. Bd4 Qc7 24. g4 O-O 25. h5 e5 26. Bf2 d4 27. Na2 Bd5 28. g5 Nd7 29. Bd3 Qd6 30. Nc1 Nb6 31. Qe2 Qe6 32. Rhh1 Bxg5 33. Bg3 Rfe8 34. Rdg1 Nc4 35. Bf2 h6 36. Rxg5 hxg5 37. h6 gxh6 38. Ka1 e4 39. fxe4 Bxe4 40. Qh5 Bxd3 41. Nxd3 Ne3 42. Qxh6 Qxh6 43. Rxh6 Rc1+ 44. Ka2 Rc2 45. Rxa6 Nc4 46. Kb3 Ree2 47. Bxd4 Rcd2 48. Kc3 Rc2+ 49. Kb3 Red2 50. Ne1 Rc1 51. Nf3 Rd3+ 52. Ka2 Rxf3 53. Ra8+ Kh7 54. Rb8 Rc2 55. Rxb5 1-0


[Site "https://www.chess.com"]

[Event "Titled Tuesday Blitz August 15 Late 2023"]
[White "Romero Ruscalleda, Josep"]
[Black "UgarteCesar"]
[WhiteFideId "2231859"]
[WhiteElo "2398"]
[BlackElo "2309"]
[Result "1-0"]
[Round "10"]
[TimeControl "180+1"]
[Date "2023.08.15"]
[WhiteClock "0:02:04"]
[BlackClock "0:02:11"]
[Board "97"]

1. e4 c5 2. c3 d5 3. exd5 Qxd5 4. Nf3 Nc6 5. Na3 a6 6. Bc4 Qe4+ 7. Qe2 Qxe2+ 8. Bxe2 Nf6 9. O-O e6 10. Re1 b5 11. Nc2 Be7 12. a4 Rb8 13. axb5 axb5 14. d4 O-O 15. Bf4 Rb7 16. Ne5 Nxe5 17. Bxe5 b4 18. Bf3 Rb6 19. dxc5 Bxc5 20. cxb4 Bxb4 21. Nxb4 Rxb4 22. Bd6 Rxb2 23. Bxf8 Kxf8 24. Ra8 Rc2 25. Bb7 1-0


[Site "https://www.chess.com"]

[Event "Titled Tuesday Blitz August 15 Late 2023"]
[White "Bryant, Todd"]
[Black "KSho99"]
[WhiteFideId "2031299"]
[WhiteElo "2345"]
[BlackElo "2197"]
[Result "0-1"]
[Round "10"]
[TimeControl "180+1"]
[Date "2023.08.15"]
[WhiteClock "0:00:27"]
[BlackClock "0:00:12"]
[Board "98"]

1. e4 e6 2. d4 d5 3. e5 c5 4. c3 Bd7 5. Nf3 Qb6 6. Bd3 Bb5 7. O-O Bxd3 8. Qxd3 Nc6 9. dxc5 Bxc5 10. b4 Bf8 11. Be3 Qc7 12. Na3 a6 13. c4 Nxb4 14. Qe2 Ne7 15. Rac1 Nec6 16. cxd5 Nxd5 17. Nc4 Be7 18. Nd4 Nxd4 19. Bxd4 Qd8 20. Qg4 O-O 21. Rc3 Nxc3 22. Bxc3 Qd3 23. Ba1 Rfd8 24. Nd6 Qg6 25. Qd4 b5 26. h4 Rac8 27. Nxc8 Rxc8 28. Re1 h5 29. Re3 Rc1+ 30. Kh2 Bc5 31. Qd8+ Kh7 32. Rg3 Qb1 33. Rh3 Rh1+ 34. Kg3 Rxh3+ 35. Kxh3 Qxa1 36. Qg5 Qc3+ 37. f3 g6 38. Qf6 Kg8 39. Qd8+ Bf8 40. Qf6 Qa3 41. Qf4 Qxa2 42. g4 hxg4+ 43. fxg4 Qb3+ 44. Kg2 Qc2+ 45. Kh3 Qd3+ 46. Kg2 Qc4 47. Qf3 Qd5 48. h5 Qxf3+ 49. Kxf3 gxh5 50. Ke4 hxg4 51. Kf4 b4 52. Kxg4 a5 53. Kf3 a4 54. Ke2 a3 55. Kd2 Kg7 56. Kc2 Kg6 57. Kb3 Kf5 58. Ka2 Kxe5 59. Kb3 Kd6 60. Ka2 f5 61. Kb3 Kd5 62. Ka2 Kc4 63. Ka1 b3 64. Kb1 Kc3 65. Ka1 Be7 66. Kb1 Bf6 67. Ka1 Kc2# 0-1


[Site "https://www.chess.com"]

[Event "Titled Tuesday Blitz August 15 Late 2023"]
[White "Tqebuchava, Zurab"]
[Black "Bogaudinov, Rushan"]
[WhiteFideId "13601113"]
[BlackFideId "4129288"]
[WhiteElo "2175"]
[BlackElo "2326"]
[Result "0-1"]
[Round "10"]
[TimeControl "180+1"]
[Date "2023.08.15"]
[WhiteClock "0:00:00"]
[BlackClock "0:01:11"]
[Board "99"]

1. e4 a6 2. a3 h5 3. h4 b5 4. d3 c5 5. Nf3 Bb7 6. g3 Nf6 7. Bg2 d5 8. e5 Ng4 9. Bf4 e6 10. O-O Be7 11. Nbd2 Nc6 12. Re1 a5 13. c4 dxc4 14. dxc4 b4 15. axb4 axb4 16. Rxa8 Qxa8 17. Ne4 O-O 18. Nh2 Ncxe5 19. Bxe5 Nxe5 20. Qxh5 Nxc4 21. b3 Nd2 22. Ng5 Bxg5 23. Bxb7 Qxb7 24. hxg5 Rd8 25. g6 fxg6 26. Qxg6 Nf3+ 27. Nxf3 Qxf3 28. Qxe6+ Qf7 29. Qb6 Rc8 30. Qe6 Qxe6 31. Rxe6 Kf7 32. Rb6 Ke7 33. Kg2 Kd7 34. Rb7+ Rc7 35. Rb8 Kd6 36. g4 c4 37. bxc4 Kc5 38. Kg3 Kxc4 39. f4 b3 40. g5 Rc5 41. Kg4 Rb5 42. Rc8+ Kd3 43. Rc1 b2 44. Rd1+ Kc2 45. Rh1 g6 46. Rh2+ Kd3 47. Rxb2 Rxb2 48. f5 Rb4+ 0-1


[Site "https://www.chess.com"]

[Event "Titled Tuesday Blitz August 15 Late 2023"]
[White "Jahnz, Fabian"]
[Black "Bongo Akanga Ndjila, Barthelemy"]
[WhiteFideId "4653300"]
[BlackFideId "10609431"]
[WhiteElo "2317"]
[BlackElo "2047"]
[Result "1-0"]
[Round "10"]
[TimeControl "180+1"]
[Date "2023.08.15"]
[WhiteClock "0:01:55"]
[BlackClock "0:00:55"]
[Board "100"]

1. e4 e6 2. d4 d5 3. Nc3 Nf6 4. exd5 exd5 5. Bd3 Bb4 6. Ne2 O-O 7. O-O c6 8. a3 Bd6 9. h3 Re8 10. Bf4 Qc7 11. Bxd6 Qxd6 12. Qd2 Nbd7 13. Qf4 Qf8 14. Ng3 Nb6 15. Rfe1 Be6 16. h4 Bg4 17. f3 Rxe1+ 18. Rxe1 Re8 19. Rxe8 Qxe8 20. fxg4 Qe1+ 21. Kh2 Nbd7 22. g5 Ne4 23. Ncxe4 dxe4 24. Qxe4 Qd1 25. Qxh7+ Kf8 26. Nf5 Ke8 27. Nxg7+ Ke7 28. Qe4+ Kf8 29. Nf5 Kg8 30. Qe8+ Nf8 31. Nh6+ Kg7 32. Qe5+ f6 33. Qxf6# 1-0


[Site "https://www.chess.com"]

[Event "Titled Tuesday Blitz August 15 Late 2023"]
[White "Ottosen, David"]
[Black "tomobeast"]
[WhiteFideId "2603080"]
[WhiteElo "2131"]
[BlackElo "2218"]
[Result "1-0"]
[Round "10"]
[TimeControl "180+1"]
[Date "2023.08.15"]
[WhiteClock "0:01:40"]
[BlackClock "0:01:42"]
[Board "101"]

1. e4 c6 2. d4 d5 3. e5 Bf5 4. Nf3 h5 5. Be2 e6 6. O-O Nd7 7. Re1 c5 8. c3 Rc8 9. Nbd2 Nh6 10. Nf1 Be4 11. Ng3 Bxf3 12. Bxf3 h4 13. Nf1 h3 14. g3 Be7 15. Be3 Nf5 16. Qd2 c4 17. Bg4 Nxe3 18. Qxe3 Nf8 19. Nd2 Ng6 20. Nf3 O-O 21. Kh1 Rc6 22. Ng1 f5 23. exf6 Rxf6 24. Bxh3 Qf8 25. f4 Qf7 26. Nf3 Nf8 27. Ne5 Qe8 28. Nxc6 bxc6 29. Re2 Qf7 30. Rae1 c5 31. Qf2 cxd4 32. cxd4 Rh6 33. Bg2 Qh5 34. Bf3 Rg6 35. Bxh5 1-0


[Site "https://www.chess.com"]

[Event "Titled Tuesday Blitz August 15 Late 2023"]
[White "Osmonbekov, Talaibek"]
[Black "Hartikainen, Jarmo"]
[WhiteFideId "2017253"]
[BlackFideId "503134"]
[WhiteElo "2202"]
[BlackElo "2109"]
[Result "1-0"]
[Round "10"]
[TimeControl "180+1"]
[Date "2023.08.15"]
[WhiteClock "0:00:08"]
[BlackClock "0:00:07"]
[Board "102"]

1. d4 d5 2. Bf4 Bf5 3. Nc3 e6 4. e3 Bd6 5. Nf3 Bxf4 6. exf4 Nf6 7. Ne5 h5 8. Bd3 g6 9. O-O Nbd7 10. Re1 a6 11. Na4 b5 12. Nc6 Qc8 13. Bxf5 gxf5 14. Nc5 Nxc5 15. dxc5 Rg8 16. Qd4 Ng4 17. h3 Qd7 18. Na5 Nh6 19. Qf6 Rg6 20. Qh8+ Ng8 21. Qxh5 O-O-O 22. a4 Nf6 23. Qe2 Rdg8 24. g3 c6 25. axb5 cxb5 26. Nb3 Qc7 27. Rxa6 Qxf4 28. Ra8+ Kc7 29. Rxg8 Rxg8 30. Kg2 Ne4 31. Qf3 Qxf3+ 32. Kxf3 Kc6 33. h4 Nxc5 34. Nd4+ Kb6 35. c3 Ne4 36. Ra1 Nd2+ 37. Ke2 Nc4 38. b3 Na5 39. b4 Nc4 40. Nf3 e5 41. Ng5 f6 42. Ne6 Rc8 43. Nc5 Rc7 44. Ra6# 1-0


[Site "https://www.chess.com"]